 Dungeon Crawl Stone Soup version 0.01-2199-g510b736d67 (webtiles) character file.

Game seed: 4130908443443536672, levelgen mode: deterministic

109 Lanoc the Whippersnapper (level 4, -3/45 HPs) Lignifite Demonspawn. Began on July 26, 2020. Slain by a sewer rat (9 damage) ... on level 2 of the Dungeon. The game lasted 00:03:05 (899 turns).

Lanoc the Whippersnapper (Lignifite Demonspawn)      Turns: 899, Time: 00:03:05

Health: -3/45      AC:  5    Str: 24    XL:     4 ^: 40
Magic:  8/8        EV: 17    Int: 14    God:
Gold:   23         SH:  2    Dex:  8    Spells: 6/7 levels left

rFire    x . .     Vision   .   a - +0 flail
rCold    . . .     Gourm    .   (weapon restricted)
rNeg     . . .     Faith    .   b - +0 robe
rPois    +         Spirit   .   (helmet restricted)
rElec    .         Reflect  .   e - +0 cloak
rCorr    .         Harm     .   (gloves unavailable)
MR       .....                  (boots unavailable)
Stlth    ..........             (no amulet)
HPRegen  0.25/turn              (no ring)
MPRegen  0.18/turn              (no ring)

@: berserking, very quick
A: very small, rF-, barbs 1, icy blue bark 2, deformed body, speed 1, poison
resistance, slow metabolism 1, torment resistance, plant, rot immunity
a: no special abilities


You were on level 2 of the Dungeon.
You were not hungry.

You visited 1 branch of the dungeon, and saw 2 of its levels.

You collected 23 gold pieces.

Inventory:

Weapons
 a - a +0 flail (weapon)
 h - a +2 hunting sling of velocity
Armour
 b - a +0 robe (worn)
 e - a +0 cloak (worn)
Scrolls
 g - 2 scrolls of enchantment
 j - a scroll of fog
Potions
 c - a potion of mutation
 f - 2 potions of cancellation
Comestibles
 d - 2 rations


   Skills:
 + Level 2.8 Fighting
 * Level 3.8 Whips & Flails
 + Level 3.2 Dodging
 - Level 1.7 Stealth
 - Level 2.1 Spellcasting
   Level 3.0 Invocations


You had 6 spell levels left.
You knew the following spells:

 Your Spells              Type           Power        Failure   Level  Hunger
a - Flame Tongue          Fire           1 (40)       24%         1    #......

Your spell library contained the following spells:

 Spells                   Type           Power        Failure   Level  Hunger
 Blink                    Tloc           N/A          34%         2    ###....
 Call Imp                 Summ           1 (100)      34%         2    ###....
 Slow                     Hex            1 (100)      34%         2    ###....
 Conjure Flame            Fire           1 (100)      56%         3    ###....
 Mephitic Cloud           Pois/Air       1 (100)      56%         3    ###....


Dungeon Overview and Level Annotations

Branches:
Dungeon (2/8)

Altars:


Innate Abilities, Weirdness & Mutations

Your woody flesh burns easily. (rF-)
A tangle of shorter branches protects your body from attack. (+2 SH)
You are very small and have problems with some larger weapons.
You are too small for most types of armour.
You have sharp barbs on your forebranches. (+2 Unarmed)
You are mostly covered in icy blue bark. (AC +3)
Armour fits poorly on your strangely shaped body.
You cover ground quickly.
Your system is resistant to poisons. (rPois)
You have a slow metabolism.
You are immune to unholy pain and torment.
You require very little carbon dioxide to survive.
You are immune to rotting.


Message History

A sewer rat comes into view.
You closely miss the cinder newt. You barely miss the cinder newt.
The adder closely misses you (0). The sewer rat misses you (0).
The cinder newt misses you (0). x2
The sewer rat bites you but does no damage.
You miss the cinder newt. You barely miss the cinder newt.
The adder hisses angrily.
The adder closely misses you (0).
The cinder newt hisses.
The cinder newt misses you (0). The cinder newt closely misses you (0).
The sewer rat completely misses you (0).
You closely miss the cinder newt. You miss the cinder newt.
The adder misses you (0). The cinder newt barely misses you (0).
The cinder newt misses you (0). The sewer rat closely misses you (0).
The adder bites you (1).
* * * LOW HITPOINT WARNING * * *
Unknown command.
You closely miss the cinder newt. The cinder newt blocks your attack.
The sewer rat bites you (9)!
You die...

≈≈≈.§≈≈≈§.§§≈..b≈≈≈P≈≈≈≈.
≈≈≈≈≈§≈≈%≈≈≈;≈.≈≈bP≈P≈≈≈
≈≈≈.≈≈§.≈≈≈≈≈≈.≈≈P.≈PP≈≈
.........≈.≈≈≈..........
#.##..##..≈≈≈≈≈.≈#....#
...≈# #≈≈≈≈≈≈≈≈##..[.
....Z #≈≈≈≈≈≈≈≈# $. ...J
#llb...≈≈# ... #@Sl≈≈...#
... #rr≈≈≈≈≈≈#
.....≈Sr≈≈≈≈≈≈#
....≈#≈≈≈r≈≈≈≈#
.....#≈≈r≈≈≈b≈# ....
#≈≈≈≈≈b≈≈# ^...
#≈≈≈≈≈≈≈≈# ... #PP≈≈≈≈b≈#
#P≈≈≈≈≈≈..


You could see 3 cinder newts, 2 adders, 5 sewer rats and a neutral slimehead
(wandering) (passive).

Vanquished Creatures
  A jelly (D:2)
  An adder (D:2)
  A cinder newt (D:2)
  2 oozes (D:1)
  2 dart slugs (D:1)
  2 leopard geckos (D:1)
  5 bats
  4 giant cockroaches (D:1)
  11 goblins (D:1)
  7 hobgoblins (D:1)
  4 kobolds (D:1)
  8 rats (D:1)
48 creatures vanquished.

Vanquished Creatures (others)
  A worm (D:2)
  A leopard gecko (D:2)
  An adder skeleton (D:2)
  A bat skeleton (D:2)
  A rat skeleton (D:2)
  6 withered plants (D:2)
11 creatures vanquished.

Grand Total: 59 creatures vanquished

Notes
Turn   | Place    | Note
-------+----------+-------------------------------------------
     0 | D:1      | Lanoc the Lignifite Demonspawn began the quest for the Orb.
     0 | D:1      | Reached XP level 1. HP: 12/12 MP: 4/4
   130 | D:1      | Gained mutation: You are partially covered in icy blue
                  | bark. (AC +2) [demonic ancestry]
   130 | D:1      | Reached XP level 2. HP: 12/19 MP: 6/6
   304 | D:1      | Gained mutation: You are mostly covered in icy blue bark.
                  | (AC +3) [demonic ancestry]
   304 | D:1      | Reached XP level 3. HP: 23/25 MP: 7/7
   860 | D:2      | Gained mutation: You have sharp barbs on your forebranches.
                  | (+2 Unarmed) [demonic ancestry]
   860 | D:2      | Reached XP level 4. HP: 29/30 MP: 5/8
   899 | D:2      | Slain by a sewer rat

Levels and vault maps discovered:
D:1:      co_arrival_random_square_maze, layout_loops_ring
D:2:      layout_sewer, chequers_ecumenical_altar_grove, first_ration, tgw_trog

Skill      XL: |  1  2  3 |
---------------+----------+-----
Whips & Flails | 3 |  3.8
Dodging        | 3 |  3.2
Fighting       | |  2.8
Stealth        | |  1.7
Spellcasting   | |  2.1
Invocations    | |  3.0

Action                   |  1- 3 |  4- 6 || total
-------------------------+-------+-------++-------
Melee: Flail             |   135 |    16 ||   151
       Unarmed           |    94 |    14 ||   108
 Cast: Flame Tongue      |     1 |       ||     1
  Use: Potion            |       |     1 ||     1
 Stab: Sleeping          |     2 |       ||     2
Armor: Robe              |    17 |     6 ||    23
Dodge: Dodged            |   148 |    49 ||   197
Block: Other             |     4 |     1 ||     5
